 Dungeon Crawl Stone Soup version 0.28-a0-1074-g3cb2360906 (webtiles) character file.

Game seed: 12133478194995805627

23 BinkBink the Vexing (level 2, -1/19 HPs)
             Began as a Vampire Enchanter on Dec 8, 2021.
             Slain by a goblin (4 damage)
             ... led by Robin
             ... on level 2 of the Dungeon.
             The game lasted 00:01:28 (1015 turns).

BinkBink the Vexing (Vampire Enchanter)             Turns: 1015, Time: 00:01:29

Health: -1/19      AC:  2    Str:  7    XL:     2   Next: 72%
Magic:  5/5        EV: 12    Int: 17    God:
Gold:   13         SH:  0    Dex: 14    Spells: 5/5 levels left

rFire   x . .      SeeInvis +   a - +1 dagger
rCold   + . .      Faith    +   (no shield)
rNeg    . . .      Spirit   .   b - +0 robe
rPois   .          Reflect  .   (no helmet)
rElec   .          Harm     .   (no cloak)
rCorr   .          Rampage  .   (no gloves)
Will    .....                   (no boots)
Stlth   +++.......              d - amulet of faith
HPRegen 0.26/turn               e - ring of ice
MPRegen 0.09/turn               (no ring)

@: healing quickly
A: alive, fangs 3, see invisible, vampiric 1
a: Exsanguinate


You were on level 2 of the Dungeon.
You visited 1 branch of the dungeon, and saw 2 of its levels.

You collected 13 gold pieces.

Inventory:

Hand Weapons
 a - a +1 dagger (weapon)
Armour
 b - a +0 robe (worn)
Jewellery
 d - an amulet of faith (around neck)
 e - a ring of ice (left hand)
Potions
 c - a potion of invisibility
 f - a potion of haste {unknown}


   Skills:
 + Level 0.1 Fighting
 + Level 1.3 Short Blades
 + Level 2.5 Dodging
 + Level 4.9 Stealth
 + Level 2.1 Spellcasting
 + Level 4.9 Hexes


You had 5 spell levels left.
You didn't know any spells.
Your spell library contained the following spells:

 Spells                   Type           Power      Damage    Failure   Level
 Confusing Touch          Hex            18%        N/A       8%          3
 Tukima's Dance           Hex            18%        N/A       8%          3
 Ensorcelled Hibernation  Hex/Ice        30%        N/A       11%         2
 Dazzling Flash           Conj/Hex       20%        N/A       21%         3
 Summon Guardian Golem    Hex/Summ       10%        N/A       21%         3
 Blink                    Tloc           2%         N/A       28%         2
 Manifold Assault         Tloc           1%         N/A       99%         5
 Orb of Destruction       Conj           0%         N/A       100%        7
 Spellforged Servitor     Conj/Summ      0%         N/A       100%        7
 Storm Form               Tmut/Air       0%         N/A       100%        7


Dungeon Overview and Level Annotations

Branches:
Dungeon (2/15)

Altars:

Annotations:
D:2 Robin


Innate Abilities, Weirdness & Mutations

Your natural rate of healing is accelerated.
You have razor-sharp teeth.
You have supernaturally acute eyesight. (SInv)
You are afflicted with vampirism.


Message History

A goblin comes into view. It is wielding a +0 dagger.
The hobgoblin hits you.
You hit the hobgoblin.
The hobgoblin is heavily wounded.
The hobgoblin closely misses you.
Robin of the Strong Arm comes into view.
They are wielding a +0 dagger.
You completely miss the hobgoblin.
The hobgoblin is heavily wounded.
Robin shouts!
The hobgoblin hits you but does no damage.
You hit the hobgoblin.
The hobgoblin is severely wounded.
The hobgoblin hits you.
Robin roars a battlecry!
The goblins go into a battle-frenzy!
You barely miss the hobgoblin.
The hobgoblin is severely wounded.
The hobgoblin hits you.
* * * LOW HITPOINT WARNING * * *
You see here a +0 club.
A hobgoblin comes into view.
Robin roars a battlecry!
You see here a frilled lizard corpse.
The hobgoblin no longer looks unusually strong.
The goblin no longer looks unusually strong.
Robin roars a battlecry!
The goblins go into a battle-frenzy!
There is a stone staircase leading up here.
Robin throws the goblin at you!
* * * LOW HITPOINT WARNING * * *
The goblin closely misses you.
You hit the hobgoblin.
You kill the hobgoblin!
The goblin hits you with a +0 dagger.
* * * LOW HITPOINT WARNING * * *
There is a stone staircase leading up here.
You see here a hobgoblin corpse.
Robin roars a battlecry!
The goblin hits you with a +0 dagger.
You die...

#### #.. #.#
#g# #@# #.#
#†# ##g#
#g.# #.##
#.# #.#
.#.###g#####
#


You could see Robin, a hobgoblin (strong) and a goblin (strong).

Vanquished Creatures
  An endoplasm (D:1)
  4 goblins
  4 hobgoblins
  2 jackals (D:1)
  5 ball pythons (D:1)
  A bat (D:1)
  2 frilled lizards
  2 rats (D:1)
21 creatures vanquished.

Notes
Turn   | Place    | Note
-------+----------+-------------------------------------------
     0 | D:1      | BinkBink the Vampire Enchanter began the quest for the Orb.
     0 | D:1      | Reached XP level 1. HP: 13/13 MP: 3/3
   336 | D:1      | Reached XP level 2. HP: 19/19 MP: 5/5
   995 | D:2      | Noticed Robin
  1015 | D:2      | Slain by a goblin

Illustrated notes

Levels and vault maps discovered:
D:1:      dpeg_arrival_water_temple_mockup, layout_basic
D:2:      layout_loops_ring, uniq_robin

Action                   || total
-------------------------++-------
Melee: Dagger            ||   101
       Bite              ||    11
Armor: Robe              ||    20
Dodge: Dodged            ||    56

Table legend: (Time is in decaauts)
 A = Elapsed time spent in this place.
 B = Non-inter-level travel time spent in this place.
 C = Inter-level travel time spent in this place.
 D = Time resting spent in this place.
 E = Time spent auto-exploring this place.
 F = Levels seen in this place.
 G = Mean time per level.
                   A        B        C        D        E       F      G
               +--------+--------+--------+--------+--------+-----+--------+
         Total |   1008 |    958 |     50 |      0 |    758 |   2 |  504.0 |
       Dungeon |   1008 |    958 |     50 |      0 |    758 |   2 |  504.0 |
               +--------+--------+--------+--------+--------+-----+--------+

Top non-repeatable levels by time:
     D:1: 930 daAuts
     D:2: 77 daAuts
